 Dungeon Crawl Stone Soup version 0.30.1-11-g7821555f0a (webtiles) character file.

Game seed: 15643357105095626791

1574 NeboErif the Slasher (level 8, 0/48 HPs)
             Began as a Gargoyle Gladiator on Dec 20, 2023.
             Slain by Edmund
             ... wielding a +4 dire flail of protection
              (7 damage)
             ... on level 6 of the Dungeon on Dec 22, 2023.
             The game lasted 01:23:42 (5310 turns).

NeboErif the Slasher (Gargoyle Gladiator)           Turns: 5310, Time: 01:23:42

Health: 0/48       AC: 15    Str: 19    XL:     8   Next: 90%
Magic:  11/11      EV: 11    Int: 10    God:
Gold:   131        SH:  0    Dex: 11    Spells: 11/11 levels left

rFire   . . .        k - +2 scythe (flame)
rCold   + . .        (shield currently unavailable)
rNeg    + . .        h - +0 scale mail
rPois   ∞            c - +0 helmet
rElec   +            (no cloak)
rCorr   .            j - +0 pair of gloves of the Lily {Rampage rC+}
SInv    +            (no boots)
Will    .....        f - amulet of regeneration
Stlth   +            q - ring of see invisible
HPRegen 1.08/turn    (no ring)
MPRegen 0.12/turn

%: rampage
@: no status effects
A: sickness immunity, AC +5, negative energy resistance 1, electricity
resistance, torment resistance 1, petrification resistance
a: no special abilities


You were on level 6 of the Dungeon.
You visited 1 branch of the dungeon, and saw 6 of its levels.

You collected 131 gold pieces.

Inventory:

Hand Weapons
 a - a +0 long sword of flaming
 k - a +2 scythe of flaming (weapon)
 l - a +1 vampiric whip
 o - a +0 long sword
 r - a +0 war axe
 t - a +0 spear
 u - a +1 antimagic hand axe
 y - a +0 sling
Missiles
 d - 3 throwing nets
 e - 3 boomerangs
 m - a javelin
 s - 38 stones (quivered)
Armour
 c - a +0 helmet (worn)
 h - a +0 scale mail (worn)
 j - the +0 pair of gloves of the Lily (worn) {Rampage rC+}
   (You found it on level 5 of the Dungeon)

   rC:        It protects you from cold.
   Rampage:   It bestows one free step when moving towards enemies.
 n - a +0 chain mail
 p - a +0 ring mail
 z - a +0 scale mail
Jewellery
 f - an amulet of regeneration (around neck)
 i - an amulet of magic regeneration
 q - a ring of see invisible (left hand)
Scrolls
 b - a scroll of blinking {unknown}
 w - 5 scrolls of identify {unknown}
 A - a scroll of amnesia {unknown}
Potions
 x - a potion of curing


   Skills:
 * Level 4.9 Fighting
 * Level 2.1(4.0) Short Blades
 * Level 5.2(5.4) Long Blades
 - Level 2.0 Polearms
 + Level 2.1 Throwing
 + Level 5.1 Armour
 * Level 4.1 Dodging
 * Level 3.6 Stealth
 * Level 2.4 Spellcasting


You had 11 spell levels left.
You didn't know any spells.
Your spell library contained the following spells:

 Spells                   Type           Power      Damage    Failure   Level
 Passage of Golubria      Tloc           1%         N/A       100%        4
 Silence                  Hex/Air        0%         N/A       100%        5
 Lehudib's Crystal Spear  Conj/Erth      0%         10d2      100%        8
 Chain Lightning          Conj/Air       0%         2d1       100%        9
 Fire Storm               Conj/Fire      0%         6d1       100%        9
 Shatter                  Erth           0%         3d5*      100%        9


Dungeon Overview and Level Annotations

Branches:
Dungeon (6/15)
 Temple: D:4-7

Altars:
Okawaru
Trog
Uskayaw
Wu Jian

Annotations:
D:6 Edmund


Innate Abilities, Weirdness & Mutations

You are immune to sickness and miasma.
Your stone body is resilient. (AC +5)
You are immune to poison.
You resist negative energy. (rN+)
You are resistant to electric shocks. (rElec)
You are resistant to unholy torment.
You are immune to petrification.


Message History

You barely miss the kobold.
Edmund hits you with a +4 dire flail of protection.
The kobold barely misses you. The kobold hits you but does no damage.
Edmund hits you with a +4 dire flail of protection.
You barely miss the kobold. Edmund misses you.
The kobold hits you with a +0 whip.
You puncture the kobold! You burn the kobold.
You kill the kobold!
Edmund hits you with a +4 dire flail of protection!
Edmund closely misses you.
A black bear comes into view.
Things that are here:
a +0 whip; 3 stones The black bear growls angrily.
You hit Edmund. You burn Edmund.
Edmund is lightly wounded.
Edmund hits you with a +4 dire flail of protection!
* * * LOW HITPOINT WARNING * * *
The black bear barely misses you. The black bear closely misses you.
The black bear misses you.
Edmund hits you with a +4 dire flail of protection!
* * * LOW HITPOINT WARNING * * *
This is a scroll of acquirement!
Something appears at your feet! Edmund barely misses you.
The black bear barely misses you.
The black bear claws you but does no damage. x2
Edmund misses you.
The black bear bites you but does no damage.
Keep disrobing? [Y]es or [N]o only, please.
Keep disrobing?
You stop removing your armour.
The black bear claws you but does no damage.
The black bear claws you.
* * * LOW HITPOINT WARNING * * *
The black bear attacks as you move away!
The black bear barely misses you. The black bear closely misses you.
The black bear claws you but does no damage.
Edmund hits you with a +4 dire flail of protection!
You die...

##.>.!. .##....
##.....# #.#@...#
#......# #......#.
......###.>......
#..............
#.#...<........ #
#....o.........
#.##.#####.......#
#....).@=h...)..#
####.)..@.)....##
#############


You could see Edmund and a black bear.

Vanquished Creatures
  Grinder (D:3)
  Sigmund (D:2)
  Eustachio (D:5)
  Menkaure (D:5)
  2 black bears
  A phantom (D:5)
  A kobold brigand (D:6)
  A scorpion (D:5)
  A howler monkey (D:6)
  A jelly (D:4)
  4 hounds (D:5)
  2 orc priests
  Terence (D:3)
  5 orc wizards
  8 gnolls (D:3)
  8 adders
  A white imp (D:5)
  A worm (D:2)
  19 orcs
  7 endoplasms
  6 giant cockroaches
  7 goblins
  11 hobgoblins
  3 jackals (D:1)
  6 quokkas
  7 ball pythons
  6 bats
  8 frilled lizards
  9 kobolds
  A kobold zombie (D:5)
  An orc zombie (D:5)
  3 rats
135 creatures vanquished.

Notes
Turn   | Place    | Note
-------+----------+-------------------------------------------
     0 | D:1      | NeboErif the Gargoyle Gladiator began the quest for the
                  | Orb.
     0 | D:1      | Reached XP level 1. HP: 12/12 MP: 1/1
   111 | D:1      | Reached XP level 2. HP: 17/17 MP: 2/2
   543 | D:1      | Reached XP level 3. HP: 22/22 MP: 3/3
   850 | D:1      | Reached skill level 1 in Armour
  1719 | D:2      | Reached XP level 4. HP: 27/27 MP: 4/4
  1788 | D:2      | Noticed Sigmund
  1957 | D:2      | Killed Sigmund
  1958 | D:2      | Reached XP level 5. HP: 18/32 MP: 5/5
  2225 | D:3      | Noticed Terence
  2242 | D:3      | Killed Terence
  2243 | D:3      | Reached XP level 6. HP: 30/37 MP: 6/6
  2659 | D:3      | Found a faded altar of an unknown god.
  3036 | D:3      | Noticed Grinder
  3037 | D:3      | Reached skill level 1 in Polearms
  3037 | D:3      | Reached XP level 7. HP: 37/41 MP: 7/7
  3044 | D:3      | Reached skill level 1 in Stealth
  3076 | D:3      | Killed Grinder
  3077 | D:3      | Reached skill level 1 in Short Blades
  3077 | D:3      | Reached skill level 1 in Spellcasting
  3180 | D:3      | Found a hide-covered altar of Uskayaw.
  3538 | D:4      | Found an iron altar of Okawaru.
  4102 | D:4      | Reached XP level 8. HP: 48/48 MP: 10/10
  4518 | D:5      | Entered Level 5 of the Dungeon
  4524 | D:5      | Found an ornate altar of the Wu Jian Council.
  4646 | D:5      | Reached skill level 5 in Long Blades
  4658 | D:5      | Noticed Eustachio
  4732 | D:5      | Found a bloodstained altar of Trog.
  4759 | D:5      | Identified the +0 pair of gloves of the Lily {Rampage rC+}
  4933 | D:5      | Noticed Menkaure
  4940 | D:5      | Killed Menkaure
  4942 | D:5      | Killed Eustachio
  4943 | D:5      | Reached skill level 5 in Armour
  5273 | D:6      | Noticed Edmund
  5308 | D:6      | Identified a scroll of acquirement
  5308 | D:6      | Acquired the ring of the Country {rElec Dex+6}
  5310 | D:6      | Slain by Edmund

Illustrated notes

Levels and vault maps discovered:
D:1:      erik_arrival_cave_to_civilisation [erik_arrival_cave_to_hall],
          layout_basic, hangedman_abyss_or_decor_stabs
D:2:      layout_loops_ring, uniq_sigmund
D:3:      layout_loops_ring, lemuel_coloured_pillars_altar,
          nicolae_ecumenical_lake_church, uniq_terence, uniq_grinder
D:4:      layout_basic, kennysheep_okawaru_gauntlet
D:5:      layout_rooms, mainiacjoe_overflow_surrounded_room,
          mainiacjoe_overflow_concentric_impassable, nicolae_ossuary_entry_giza,
          minivault_25, dk_noncrumbling_2, roderic_serpentine_path,
          uniq_eustachio, uniq_menkaure
D:6:      hellmonk_destroyed_diamonds, layout_loops_ring,
          kennysheep_slug_shrine, mainiacjoe_overflow_boulevard,
          minmay_temple_entry_nine_rooms, uniq_pikel, uniq_edmund

Skill      XL: |  1  2  3  4  5  6  7  8 |
---------------+-------------------------+-----
Long Blades    | 3 4 5 |  5.2
Armour         | 1 3 4 5 |  5.1
Fighting       | 3 4 |  4.9
Dodging        | 3 4 |  4.1
Polearms       | 1 2 |  2.0
Stealth        | 2 3 |  3.6
Short Blades   | 1 2 |  2.1
Spellcasting   | 1 2 |  2.4
Throwing       | 2 |  2.1

Action                     |  1- 3 |  4- 6 |  7- 9 || total
---------------------------+-------+-------+-------++-------
  Melee: Long sword        |   154 |    71 |       ||   225
         Punch             |     1 |     2 |       ||     3
         Halberd           |       |    55 |   189 ||   244
  Throw: Stone             |       |       |    17 ||    17
         Throwing net      |       |       |     2 ||     2
         Javelin           |       |       |     1 ||     1
    Use: Scroll            |     3 |     4 |     3 ||    10
         Potion            |     3 |     1 |       ||     4
 Armour: Leather armour    |    13 |       |       ||    13
         Scale mail        |    88 |    81 |   188 ||   357
         Skin              |     4 |       |       ||     4
  Dodge: Dodged            |   125 |    72 |   192 ||   389
